[Event "Early Titled Tuesday Blitz | February 8 2022"]
[White "Stefanov, Plamen"]
[Black "Buscar, Michael"]
[WhiteFideId "2900980"]
[BlackFideId "2603616"]
[WhiteElo "2137"]
[BlackElo "2010"]
[Result "0-1"]
[Round "11"]
[TimeControl "180+1"]
[Date "2022.02.08"]
[WhiteClock "0:00:10"]
[BlackClock "0:00:14"]

1. e4 c5 2. Nf3 e6 3. c3 Nf6 4. e5 Nd5 5. Bc4 Nb6 6. Bb3 c4 7. Bc2 d6 8. d4 cxd3 9. Qxd3 Nc6 10. exd6 Qxd6 11. O-O Bd7 12. Bg5 Qxd3 13. Bxd3 Be7 14. Bxe7 Nxe7 15. Nbd2 Ng6 16. Ne4 Bc6 17. Rad1 O-O-O 18. Bc2 Kc7 19. Nfg5 Rdf8 20. Nc5 Nc4 21. b4 Bd5 22. Rfe1 h6 23. Nge4 Nf4 24. g3 Nh3+ 25. Kg2 Ng5 26. f3 Rd8 27. h4 Nxe4 28. fxe4 Bc6 29. Kf2 b6 30. Nb3 Rxd1 31. Bxd1 Rd8 32. Nd4 Bb7 33. Bf3 Ne5 34. Ke3 Ba6 35. b5 Bb7 36. a4 g6 37. Bg2 h5 38. Bh3 Nc4+ 39. Kf3 e5 40. Ne2 Rd3+ 41. Kf2 Bxe4 42. Nc1 Rd2+ 43. Re2 Rxe2+ 44. Nxe2 f5 45. Bg2 Bxg2 46. Kxg2 Nb2 47. Kf3 Kd6 48. Ke3 Nxa4 49. Kd3 Nc5+ 50. Kc4 a6 51. bxa6 Nxa6 52. Kb5 Nc7+ 53. Kxb6 Nd5+ 54. Kb5 Ne3 55. c4 Nc2 56. c5+ Kc7 57. Nc3 Nd4+ 58. Kc4 Kc6 59. Na4 Ne2 60. Kd3 Nxg3 61. Kc4 e4 62. Nb2 e3 63. Nd3 e2 64. Nb4+ Kc7 65. Nd3 f4 66. Kd5 f3 67. Ke5 f2 68. Nxf2 e1=Q+ 69. Kf6 Qxf2+ 70. Kxg6 Qxc5 71. Kh6 Qd4 72. Kh7 Qxh4 73. Kh6 Qg4 74. Kh7 h4 75. Kh8 h3 76. Kh7 h2 77. Kh8 h1=Q# 0-1


[Site "https://www.chess.com"]

[Event "Early Titled Tuesday Blitz | February 8 2022"]
[White "Szpar, Milosz"]
[Black "Shimanov, Aleksandr"]
[WhiteFideId "1184989"]
[BlackFideId "4198603"]
[WhiteElo "2447"]
[BlackElo "2636"]
[Result "1-0"]
[Round "11"]
[TimeControl "180+1"]
[Date "2022.02.08"]
[WhiteClock "0:00:19"]
[BlackClock "0:00:12"]

1. e4 Nc6 2. d4 d5 3. e5 Bf5 4. c3 e6 5. f4 f6 6. Nf3 Qd7 7. Bd3 Nge7 8. O-O h5 9. Na3 O-O-O 10. Nc2 h4 11. Ne3 fxe5 12. fxe5 g6 13. h3 Bh6 14. Ng4 Bxg4 15. hxg4 h3 16. g3 Bxc1 17. Qxc1 Rdf8 18. Kh2 Nd8 19. Ng5 Rxf1 20. Qxf1 Qe8 21. Qe2 Ng8 22. Rf1 Qe7 23. Qe3 Nh6 24. Be2 Rf8 25. Rxf8 Qxf8 26. Qf4 Qe7 27. Qf6 Qxf6 28. exf6 Nhf7 29. Nf3 g5 30. Bd3 Kd7 31. Bg6 Kd6 32. Kxh3 b6 33. Kg2 c5 34. Ne5 Nh6 35. Bh5 b5 36. Kf3 c4 37. Ke3 a5 38. b3 cxb3 39. axb3 a4 40. bxa4 bxa4 41. Kd2 a3 42. Kc2 Nc6 43. Nxc6 Kxc6 44. f7 Nxf7 45. Bxf7 Kd6 46. Kb3 e5 47. dxe5+ Kxe5 48. Kxa3 d4 49. cxd4+ Kxd4 50. Kb4 Ke3 51. Be6 Kf2 52. Kc5 Kxg3 53. Kd6 Kh4 54. Ke7 Kg3 55. Kf6 Kh4 56. Kg6 Kg3 57. Kxg5 1-0


[Site "https://www.chess.com"]

[Event "Early Titled Tuesday Blitz | February 8 2022"]
[White "Tarasova, Viktoriya"]
[Black "Gontcharov, Vladislav"]
[WhiteFideId "4175840"]
[BlackFideId "4123492"]
[WhiteElo "2182"]
[BlackElo "2503"]
[Result "0-1"]
[Round "11"]
[TimeControl "180+1"]
[Date "2022.02.08"]
[WhiteClock "0:00:04"]
[BlackClock "0:00:09"]

1. d4 Nf6 2. c4 e6 3. Nc3 Bb4 4. Nf3 c5 5. g3 d5 6. cxd5 Nxd5 7. Bd2 cxd4 8. Nxd4 O-O 9. Bg2 Nb6 10. Nb3 Nc4 11. Qc2 a5 12. a3 Be7 13. O-O a4 14. Ne4 b5 15. Nc1 Nxd2 16. Nxd2 Ra7 17. Nd3 Rc7 18. Qb1 Nc6 19. e3 Na5 20. Rd1 Rd7 21. Nf3 Nb3 22. Nfe5 Rd6 23. Ra2 Qc7 24. Be4 f5 25. Bf3 Rfd8 26. Be2 Bf6 27. f4 Bb7 28. Nf3 Be4 29. Nfe1 Qc4 30. Kf2 Qc7 31. h3 Qc6 32. g4 Qb6 33. g5 Be7 34. Qc2 Rd5 35. Qc3 Bf8 36. Raa1 Nxa1 37. Rxa1 Qb7 38. Rd1 Rc8 39. Qd2 Be7 40. h4 Qa7 41. h5 Rcd8 42. h6 gxh6 43. gxh6 Bf6 44. Kf1 Kh8 45. Qb4 Qf7 46. Ne5 Bxe5 47. Rxd5 Bxd5 48. fxe5 Qg6 49. Qh4 Rg8 50. Kf2 Qg1# 0-1


[Site "https://www.chess.com"]

[Event "Early Titled Tuesday Blitz | February 8 2022"]
[White "Thomas, Anysia"]
[Black "Reprintsev, Alexander"]
[WhiteFideId "670472"]
[BlackFideId "14100541"]
[WhiteElo "2002"]
[BlackElo "2126"]
[Result "0-1"]
[Round "11"]
[TimeControl "180+1"]
[Date "2022.02.08"]
[WhiteClock "0:00:01"]
[BlackClock "0:00:37"]

1. d4 d5 2. c4 e5 3. dxe5 d4 4. Nf3 Nc6 5. a3 g6 6. e3 Bg4 7. exd4 Bxf3 8. Qxf3 Nxd4 9. Qd3 Ne7 10. Nc3 Nec6 11. Be3 Bg7 12. f4 Nf5 13. Bf2 f6 14. Qxd8+ Rxd8 15. e6 Nfd4 16. O-O-O Nxe6 17. Nd5 f5 18. Be2 Ncd4 19. Rhe1 Kf7 20. g3 c6 21. Nb4 Nc5 22. Bxd4 Bxd4 23. Nd3 Ne4 24. Ne5+ Bxe5 25. fxe5 Ke6 26. Bd3 Kxe5 27. Kc2 Rhe8 28. Re3 Rd4 29. Rde1 Red8 30. b3 c5 31. g4 h5 32. gxf5 gxf5 33. Rg1 R8d7 34. Rg6 b6 35. Rh6 Rg7 36. Rxh5 Rg2+ 37. Re2 Rxe2+ 38. Bxe2 Rd2+ 39. Kc1 Rxe2 0-1


[Site "https://www.chess.com"]

[Event "Early Titled Tuesday Blitz | February 8 2022"]
[White "Todorovic, Bojan"]
[Black "Sharapov, Evgeny"]
[WhiteFideId "917087"]
[BlackFideId "14103133"]
[WhiteElo "2266"]
[BlackElo "2367"]
[Result "1/2-1/2"]
[Round "11"]
[TimeControl "180+1"]
[Date "2022.02.08"]
[WhiteClock "0:00:06"]
[BlackClock "0:00:13"]

1. Nf3 c5 2. c4 Nc6 3. g3 e5 4. d3 g6 5. Bg2 Bg7 6. O-O d6 7. Nc3 Nge7 8. a3 a5 9. Rb1 O-O 10. Bd2 Rb8 11. Nd5 Nxd5 12. cxd5 Ne7 13. e4 b5 14. b4 cxb4 15. axb4 a4 16. Be3 Bg4 17. Qd2 Bxf3 18. Bxf3 Qd7 19. d4 Rfc8 20. Be2 f5 21. f4 fxe4 22. dxe5 dxe5 23. d6 Nf5 24. Qd5+ Kh8 25. Bc5 exf4 26. Rxf4 Rd8 27. Rd1 a3 28. g4 Nxd6 29. Bxd6 Qxd6 30. Qxd6 Rxd6 31. Rxd6 Be5 32. Ra6 Bxf4 33. Rxa3 Bd6 34. Ra5 Rc8 35. Rxb5 Rc2 36. Kf2 Rb2 37. Ke3 Bxb4 38. g5 h5 39. Bc4 Kg7 40. Rb7+ Kf8 41. Kxe4 Bc3 42. Rxb2 Bxb2 43. h3 Bc1 44. Bd3 Bxg5 45. Ke5 Kf7 46. Be4 Bf6+ 47. Kf4 Kg7 48. Kg3 Kh6 49. Kf4 Be7 50. Kg3 Bd6+ 51. Kf3 Kg5 52. Kg2 Kf6 53. Bd3 g5 54. Bc2 Bc7 55. Bd3 Ke5 56. Bc2 Kf4 57. Bg6 h4 58. Bh5 Bd6 59. Bg4 Ke3 60. Kf1 Kf4 61. Kg2 Be5 62. Kf1 Bd6 63. Kg2 1/2-1/2


[Site "https://www.chess.com"]

[Event "Early Titled Tuesday Blitz | February 8 2022"]
[White "Tologon tegin, Semetei"]
[Black "Wagner, Dennis"]
[WhiteFideId "13800574"]
[BlackFideId "24650684"]
[WhiteElo "2258"]
[BlackElo "2355"]
[Result "0-1"]
[Round "11"]
[TimeControl "180+1"]
[Date "2022.02.08"]
[WhiteClock "0:01:53"]
[BlackClock "0:01:32"]

1. e4 c5 2. Nc3 e6 3. Nf3 Nc6 4. Bb5 Nd4 5. Nxd4 cxd4 6. Ne2 Qb6 7. Bd3 Ne7 8. b3 Nc6 9. Bb2 Bc5 10. a3 a5 11. f4 O-O 12. O-O d6 13. Ng3 f5 14. exf5 exf5 15. Bc4+ Kh8 16. d3 Ne7 17. Re1 d5 18. b4 axb4 19. axb4 Rxa1 20. Qxa1 Qxb4 21. Bxd4 Bxd4+ 22. Qxd4 Qxe1+ 23. Nf1 dxc4 24. Qc5 cxd3 25. cxd3 Bd7 0-1


[Site "https://www.chess.com"]

[Event "Early Titled Tuesday Blitz | February 8 2022"]
[White "Toncheva, Nadya"]
[Black "Yushko, Olga"]
[WhiteFideId "2924056"]
[BlackFideId "14114500"]
[WhiteElo "1920"]
[BlackElo "2028"]
[Result "1-0"]
[Round "11"]
[TimeControl "180+1"]
[Date "2022.02.08"]
[WhiteClock "0:00:10"]
[BlackClock "0:00:09"]

1. d4 e6 2. c4 f5 3. Nc3 Nf6 4. e3 d6 5. Bd3 Be7 6. Qc2 Nc6 7. Nf3 O-O 8. O-O Qe8 9. e4 Nb4 10. Qb1 Nxd3 11. Qxd3 fxe4 12. Nxe4 Bd8 13. Re1 Qh5 14. Ng3 Qg6 15. Qxg6 hxg6 16. Bd2 Bd7 17. Bc3 b5 18. cxb5 Nd5 19. a4 a6 20. bxa6 Rxa6 21. Bd2 Bf6 22. a5 Rb8 23. Reb1 Rb3 24. Ne4 Be7 25. Be1 Rb8 26. b4 Bb5 27. Neg5 Bd3 28. Rb3 Bc2 29. Rb2 Bf5 30. h3 e5 31. dxe5 dxe5 32. h4 e4 33. Rd1 Nxb4 34. Nd4 Rxa5 35. Nc6 Nxc6 36. Rxb8+ Nxb8 37. Bxa5 c5 38. Bd8 Bf8 39. Bc7 Nc6 40. Bd6 c4 41. Bxf8 Kxf8 42. Rc1 Ne5 43. Kf1 Ke7 44. Ke2 Kd6 45. Ke3 Kc5 46. Nxe4+ Kd5 47. Nd2 Bd3 48. f4 Ng4+ 49. Kf3 Nf6 50. Nb1 Kd4 51. Nc3 Nd7 52. Kf2 Nc5 53. Nb5+ Kd5 54. g4 Be4 55. Ke3 Nd3 56. Nc3+ Kc5 57. Ra1 Bc6 58. Kd2 Nxf4 59. Ra5+ Kd4 60. Ne2+ Nxe2 61. Kxe2 c3 62. Ra7 c2 63. Kd2 Be4 64. Rxg7 Ke5 65. Re7+ Kf4 66. h5 gxh5 67. gxh5 Bf5 68. h6 Bg6 69. h7 Bxh7 70. Rxh7 Ke4 71. Kxc2 Kd4 72. Rh3 Ke4 73. Kd2 Kf4 74. Ke2 1-0


[Site "https://www.chess.com"]

[Event "Early Titled Tuesday Blitz | February 8 2022"]
[White "Tregubov, Pavel V."]
[Black "Fajdetic, Hrvoje"]
[WhiteFideId "4115341"]
[BlackFideId "14501945"]
[WhiteElo "2341"]
[BlackElo "2140"]
[Result "0-1"]
[Round "11"]
[TimeControl "180+1"]
[Date "2022.02.08"]
[WhiteClock "0:01:02"]
[BlackClock "0:00:46"]

1. e4 e6 2. d4 d5 3. exd5 exd5 4. Nf3 Bd6 5. c4 c6 6. Bd3 Ne7 7. O-O dxc4 8. Bxc4 O-O 9. Nc3 Nd7 10. Re1 Nb6 11. Bb3 Ned5 12. Bg5 f6 13. Bd2 Bg4 14. h3 Bh5 15. Ne4 Bc7 16. Nc5 Qd6 17. g3 Rae8 18. Nxb7 Rxe1+ 19. Qxe1 Qd7 20. Kg2 Bxf3+ 21. Kxf3 Qxh3 22. Nc5 f5 23. Qh1 Qg4+ 24. Kg2 f4 25. Qh4 Qe2 0-1


[Site "https://www.chess.com"]

[Event "Early Titled Tuesday Blitz | February 8 2022"]
[White "Vaishali, Rameshbabu"]
[Black "Chernomordik, Pavel"]
[WhiteFideId "5091756"]
[BlackFideId "2804530"]
[WhiteElo "2343"]
[BlackElo "2249"]
[Result "1-0"]
[Round "11"]
[TimeControl "180+1"]
[Date "2022.02.08"]
[WhiteClock "0:00:17"]
[BlackClock "0:00:45"]

1. d4 g6 2. e4 Bg7 3. Nc3 d6 4. Bf4 a6 5. Qd2 b5 6. O-O-O Bb7 7. h4 h6 8. h5 g5 9. Be3 Nd7 10. f4 gxf4 11. Bxf4 b4 12. Nd5 a5 13. Bd3 Bxd4 14. Ne2 Bg7 15. Qe3 e6 16. Qg3 Kf8 17. Nxc7 e5 18. Nxa8 exf4 19. Nxf4 Qf6 20. Ng6+ Ke8 21. Nxh8 Qxb2+ 22. Kd2 Bxa8 23. Nxf7 Kxf7 24. Qxd6 Qc3+ 25. Ke2 Qc6 26. Qxc6 Bxc6 27. Bc4+ Kf8 28. Rhf1+ Ngf6 29. Rd6 Ba4 30. Bd3 Ke7 31. Ra6 Nxh5 32. Rxa5 Ng3+ 33. Kf2 Nxf1 34. Rxa4 Nd2 35. Rxb4 Bc3 36. Rb7 Kd6 37. Ke2 Nc5 38. Rb6+ Kc7 39. Rxh6 Ndxe4 40. Bxe4 Nxe4 41. Kd3 Bd2 42. Rh7+ Kc6 43. Kxe4 1-0


[Site "https://www.chess.com"]

[Event "Early Titled Tuesday Blitz | February 8 2022"]
[White "Vakhlamov, Igor L."]
[Black "Zhigalko, Sergei"]
[WhiteFideId "24126748"]
[BlackFideId "13502956"]
[WhiteElo "2401"]
[BlackElo "2662"]
[Result "1-0"]
[Round "11"]
[TimeControl "180+1"]
[Date "2022.02.08"]
[WhiteClock "0:01:24"]
[BlackClock "0:01:25"]

1. e4 c5 2. Nf3 Nc6 3. Nc3 Nf6 4. Bb5 Qc7 5. O-O Nd4 6. Re1 a6 7. Bf1 Ng4 8. e5 h5 9. Nd5 Qc6 10. Nxd4 cxd4 11. Nf4 g6 12. h3 Nh6 13. c3 Nf5 14. Bd3 Bh6 15. Nxh5 d5 16. Ng3 Nxg3 17. fxg3 Qb6 18. Kh2 Be6 19. Qa4+ Bd7 20. Qxd4 Qe6 21. c4 Bg5 22. cxd5 Rxh3+ 23. Kg1 1-0


[Site "https://www.chess.com"]

[Event "Early Titled Tuesday Blitz | February 8 2022"]
[White "Van den Dikkenberg, Erik"]
[Black "Bifulco, Michel"]
[WhiteFideId "1005880"]
[BlackFideId "828580"]
[WhiteElo "2118"]
[BlackElo "2165"]
[Result "1-0"]
[Round "11"]
[TimeControl "180+1"]
[Date "2022.02.08"]
[WhiteClock "0:00:02"]
[BlackClock "0:00:25"]

1. e4 e5 2. Nf3 Nc6 3. d4 exd4 4. Nxd4 Nf6 5. Nxc6 bxc6 6. e5 Qe7 7. Qe2 Nd5 8. h4 Qe6 9. c4 Nb6 10. Nc3 d6 11. exd6 Bxd6 12. Be3 Ba6 13. b3 O-O 14. O-O-O Nd5 15. cxd5 Bxe2 16. dxe6 Bxd1 17. exf7+ Rxf7 18. Kxd1 Bb4 19. Kc2 Kh8 20. Bc4 Rd7 21. Rd1 Rxd1 22. Nxd1 a5 23. a4 Rd8 24. Nc3 h6 25. Ne4 Re8 26. Kd3 Re5 27. Bf4 Re7 28. f3 Rd7+ 29. Ke3 Kh7 30. Ke2 Kh8 31. h5 Kh7 32. g4 Kh8 33. Be5 Kh7 34. f4 Bd6 35. Bd3 Kg8 36. Ke3 Re7 37. Bc4+ Kf8 38. Kd4 Rd7 39. Be6 Rd8 40. f5 Bb4+ 41. Kc4 Bd6 42. Bd4 Be7 43. Bc5 Rd1 44. Bxe7+ Kxe7 45. Nc5 Rg1 46. b4 axb4 47. Kxb4 Rxg4+ 48. Ka5 Rh4 49. Ka6 Rxh5 50. Kb7 Rh1 51. a5 h5 52. a6 Rb1+ 53. Kxc6 Ra1 54. Kxc7 h4 55. Kc6 h3 56. f6+ gxf6 57. Bxh3 Kd8 58. Kb7 Ra3 59. a7 Rxa7+ 60. Kxa7 Ke7 61. Kb6 Kd6 62. Kb5 Ke5 63. Kc4 f5 64. Kd3 f4 65. Ne4 Kd5 66. Bg4 Ke5 67. Nf2 f3 68. Bxf3 Kf4 69. Ke2 Ke5 70. Ke3 Kf5 71. Be4+ Ke5 72. Nd3+ Ke6 73. Kf4 Kf6 74. Ne5 Ke6 75. Bf3 Kf6 76. Bd5 Kg7 77. Kg5 Kh7 78. Be6 Kg7 79. Ng6 Kh7 80. Bf5 Kg7 81. Kh5 Kh7 82. Nf4+ Kg7 83. Kg5 Kf7 84. Nh5 Kg8 85. Kg6 Kh8 86. Kh6 Kg8 87. Nf4 Kh8 88. Ng6+ Kg8 89. Be6# 1-0


[Site "https://www.chess.com"]

[Event "Early Titled Tuesday Blitz | February 8 2022"]
[White "Varney, Zoe"]
[Black "Warchol, Kamil"]
[WhiteFideId "436135"]
[BlackFideId "21858241"]
[WhiteElo "1808"]
[BlackElo "1905"]
[Result "0-1"]
[Round "11"]
[TimeControl "180+1"]
[Date "2022.02.08"]
[WhiteClock "0:00:28"]
[BlackClock "0:01:51"]

1. e4 c5 2. Nf3 d6 3. d4 cxd4 4. Nxd4 Nf6 5. Nc3 Nc6 6. f3 e5 7. Nb3 Be6 8. Be3 d5 9. exd5 Nxd5 10. Nxd5 Qxd5 11. Qxd5 Bxd5 12. O-O-O O-O-O 13. Nc5 b6 14. Ba6+ Kc7 15. Nb7 Rd7 16. a3 Nb8 17. Bb5 Bc6 18. Bxc6 Nxc6 19. Rxd7+ Kxd7 20. b4 Kc7 21. b5 Nb8 22. Na5 bxa5 23. Bxa7 Nd7 24. c4 Bxa3+ 25. Kc2 Bc5 26. Bxc5 Nxc5 27. Ra1 Kb6 0-1


[Site "https://www.chess.com"]

[Event "Early Titled Tuesday Blitz | February 8 2022"]
[White "Vifleemskaia, Svetlana"]
[Black "Ashiev, Eduard"]
[WhiteFideId "4129490"]
[BlackFideId "4130090"]
[WhiteElo "1901"]
[BlackElo "2004"]
[Result "1-0"]
[Round "11"]
[TimeControl "180+1"]
[Date "2022.02.08"]
[WhiteClock "0:00:06"]
[BlackClock "0:00:01"]

1. d4 d6 2. c4 e5 3. d5 f5 4. Nc3 Nf6 5. e4 g6 6. exf5 gxf5 7. f4 Bg7 8. Nf3 O-O 9. Be2 Nbd7 10. O-O a5 11. Ng5 Nc5 12. Be3 b6 13. Rc1 h6 14. Nf3 Ng4 15. Bxc5 bxc5 16. Qd2 e4 17. Ne1 Bd4+ 18. Kh1 Nxh2 19. g3 Nxf1 20. Bxf1 Kh7 21. Qh2 Qf6 22. Ng2 Bd7 23. Be2 Rg8 24. Nh4 Rg7 25. g4 fxg4 26. Nxe4 Qe7 27. Bd3 Kg8 28. Ng2 Bf5 29. Re1 Re8 30. Qh5 Qf7 31. Nf6+ Bxf6 32. Rxe8+ Qf8 33. Rxf8+ Kxf8 34. Qxf5 Rf7 35. Qxg4 Bxb2 36. Kh2 Bc1 37. f5 Bb2 38. Qg6 Ke8 39. Qxh6 Rf8 40. Qe6+ Kd8 41. Nf4 Rh8+ 42. Kg3 Be5 43. Kf3 Rh4 44. Ng6 Rh3+ 45. Kg4 Rg3+ 46. Kh5 Rh3+ 47. Kg5 Rg3+ 48. Kh4 Re3 49. Nxe5 Rxe5 50. Qg8+ Ke7 51. f6+ Kxf6 52. Qh8+ Ke7 53. Qg7+ Kd8 54. Kg4 Re7 55. Qf8+ Kd7 56. Bf5+ Re6 57. Bxe6# 1-0


[Site "https://www.chess.com"]

[Event "Early Titled Tuesday Blitz | February 8 2022"]
[White "Visakh N R"]
[Black "Pinheiro, Iung Alicio de O."]
[WhiteFideId "25012223"]
[BlackFideId "2104350"]
[WhiteElo "2454"]
[BlackElo "2607"]
[Result "1-0"]
[Round "11"]
[TimeControl "180+1"]
[Date "2022.02.08"]
[WhiteClock "0:01:21"]
[BlackClock "0:00:41"]

1. g4 d5 2. Bg2 c6 3. h3 e5 4. c4 dxc4 5. Qc2 Be6 6. Nf3 Nd7 7. Na3 Bxa3 8. bxa3 f6 9. a4 Ne7 10. Ba3 O-O 11. Rd1 Re8 12. O-O Nd5 13. e3 Qa5 14. d4 cxd3 15. Qxd3 N7b6 16. Nh4 Qxa4 17. Nf5 Nc4 18. Bc1 Rad8 19. e4 Nc3 20. Qxd8 Rxd8 21. Rxd8+ Kf7 22. Be3 g6 23. Nh6+ Kg7 24. g5 Ne2+ 25. Kh2 Nf4 26. Ng4 fxg5 27. Bc5 Bxg4 28. hxg4 h5 29. Rfd1 Ne6 30. R1d7+ Kf6 31. Be7+ Kf7 32. Bxg5# 1-0


[Site "https://www.chess.com"]

[Event "Early Titled Tuesday Blitz | February 8 2022"]
[White "Vokhidov, Shamsiddin"]
[Black "Harshavardhan G B"]
[WhiteFideId "14204223"]
[BlackFideId "25059009"]
[WhiteElo "2611"]
[BlackElo "1831"]
[Result "1-0"]
[Round "11"]
[TimeControl "180+1"]
[Date "2022.02.08"]
[WhiteClock "0:00:24"]
[BlackClock "0:00:10"]

1. e4 c6 2. d4 d5 3. e5 Bf5 4. h4 h5 5. Bd3 Bxd3 6. Qxd3 e6 7. Bg5 Qb6 8. Nd2 Qa6 9. c4 Ne7 10. Ngf3 Nd7 11. O-O Ng6 12. Qc2 Be7 13. Bxe7 Nxe7 14. b3 Nf5 15. Rfe1 O-O 16. Nf1 Rac8 17. Ne3 Nxe3 18. fxe3 c5 19. Ng5 g6 20. Rac1 dxc4 21. bxc4 b5 22. cxb5 Qxb5 23. Rf1 Kg7 24. d5 exd5 25. e6 Ne5 26. exf7 Qb6 27. Qc3 Qd6 28. Rcd1 Rc7 29. Ne4 Qe6 30. Nxc5 Qd6 31. Ne6+ Qxe6 32. Qxc7 Nxf7 33. Qc3+ Kh7 34. Rf6 Qe7 35. Rdf1 Kh6 36. Qd4 Kh7 37. R1f3 Ne5 38. Rxf8 Nxf3+ 39. Rxf3 Qe4 40. Rf7+ Kh6 41. Qh8# 1-0


[Site "https://www.chess.com"]

[Event "Early Titled Tuesday Blitz | February 8 2022"]
[White "Volkov, Maksim"]
[Black "Mirzoev, Azer"]
[WhiteFideId "54123070"]
[BlackFideId "13400304"]
[WhiteElo "2081"]
[BlackElo "2525"]
[Result "0-1"]
[Round "11"]
[TimeControl "180+1"]
[Date "2022.02.08"]
[WhiteClock "0:00:10"]
[BlackClock "0:00:39"]

1. d4 d5 2. c4 e6 3. Nf3 c6 4. g3 f5 5. Nc3 Nf6 6. Bg2 Bd6 7. Bf4 Bxf4 8. gxf4 O-O 9. e3 Nbd7 10. O-O dxc4 11. Qe2 b5 12. Ng5 Nb6 13. Bxc6 Bd7 14. Bxb5 Rb8 15. Bxc4 Nxc4 16. Qxc4 Qe7 17. Rfd1 Rxb2 18. d5 Rc8 19. Qd3 h6 20. Nf3 Ng4 21. dxe6 Bxe6 22. Nd5 Qf7 23. Ne5 Qh5 24. Nxg4 Qxg4+ 25. Kf1 Qf3 26. Rd2 Rxd2 27. Ne7+ Kh7 28. Qxd2 Qh1+ 29. Ke2 Bc4+ 0-1


[Site "https://www.chess.com"]

[Event "Early Titled Tuesday Blitz | February 8 2022"]
[White "Vusatiuk, Vladimir"]
[Black "Pavlidou, Ekaterini"]
[WhiteFideId "14118610"]
[BlackFideId "4213262"]
[WhiteElo "2157"]
[BlackElo "2127"]
[Result "1-0"]
[Round "11"]
[TimeControl "180+1"]
[Date "2022.02.08"]
[WhiteClock "0:00:20"]
[BlackClock "0:00:14"]

1. g4 d5 2. Bg2 Bxg4 3. c4 Nf6 4. Qb3 Nc6 5. cxd5 Ne5 6. Qxb7 Rb8 7. Qxa7 g6 8. d4 Ned7 9. Nc3 Bg7 10. h3 Bh5 11. e4 Nb6 12. Bf4 Na8 13. e5 Nd7 14. e6 Ndb6 15. exf7+ Kxf7 16. Nge2 Rf8 17. Ng3 Kg8 18. Nxh5 gxh5 19. Be5 Nc4 20. Bxg7 Kxg7 21. b3 Nd6 22. Qa3 Rf4 23. Qc1 Qf8 24. O-O Qf6 25. Ne2 Rf5 26. Ng3 Rg5 27. h4 Rxg3 28. fxg3 Qxd4+ 29. Kh2 Nb6 30. Qg5+ Kh8 31. Qxe7 Rg8 32. Rae1 Qg7 33. Qxg7+ Rxg7 34. Rf8+ Rg8 35. Rxg8+ Kxg8 36. a4 Nbc8 37. a5 Kf7 38. a6 Na7 39. Rc1 Ndb5 40. Bf1 Ke7 41. Bxb5 Nxb5 42. a7 Nxa7 43. Rxc7+ 1-0


[Site "https://www.chess.com"]

[Event "Early Titled Tuesday Blitz | February 8 2022"]
[White "Weetik, Vjacheslav"]
[Black "Martin Duque, Jesus"]
[WhiteFideId "4153472"]
[BlackFideId "2208954"]
[WhiteElo "2469"]
[BlackElo "2243"]
[Result "0-1"]
[Round "11"]
[TimeControl "180+1"]
[Date "2022.02.08"]
[WhiteClock "0:00:04"]
[BlackClock "0:00:55"]

1. e4 c5 2. Nf3 b6 3. d4 cxd4 4. Nxd4 Bb7 5. Nc3 a6 6. Be3 e6 7. a3 Nf6 8. f3 Qc7 9. Qd2 d5 10. exd5 Nxd5 11. Nxd5 Bxd5 12. O-O-O Nd7 13. Kb1 Be7 14. Nf5 Bf6 15. Bf4 Ne5 16. c4 Bc6 17. Nd6+ Kf8 18. Qe3 Ng6 19. Bg3 e5 20. Be2 h5 21. h4 Rd8 22. c5 bxc5 23. Nf5 Rxd1+ 24. Rxd1 Bd7 25. Nd6 Be7 26. Ne4 Nf4 27. Bc4 Bf5 28. Ka2 Rh6 29. Ng5 Bxg5 30. hxg5 Rb6 31. Bxf4 exf4 32. Qc3 Be6 33. Re1 Qe7 34. Re4 Qxg5 35. Bxe6 fxe6 36. Re5 Qe7 37. Rxc5 Rb7 38. Rxh5 Kf7 39. Rc5 Qf6 40. Rc7+ Rxc7 41. Qxc7+ Kg6 42. Qc2+ Kg5 43. Qc4 e5 44. Qd5 Kh4 0-1


[Site "https://www.chess.com"]

[Event "Early Titled Tuesday Blitz | February 8 2022"]
[White "Winkels, Marcel"]
[Black "Risteski, Emil"]
[WhiteFideId "1003887"]
[BlackFideId "15005267"]
[WhiteElo "1900"]
[BlackElo "2070"]
[Result "0-1"]
[Round "11"]
[TimeControl "180+1"]
[Date "2022.02.08"]
[WhiteClock "0:00:44"]
[BlackClock "0:01:49"]

1. e4 d6 2. d4 Nf6 3. Nc3 e5 4. Nf3 Nbd7 5. Rg1 g6 6. g4 Bg7 7. g5 Nh5 8. Be3 O-O 9. Qd2 c6 10. O-O-O b5 11. d5 b4 12. Ne2 c5 13. Ng3 Nf4 14. Bxf4 exf4 15. Qxf4 Qe7 16. h4 a5 17. h5 a4 18. hxg6 fxg6 19. Qe3 Ne5 20. Nd2 Ng4 21. Qe2 Nxf2 22. Re1 Ba6 23. Nc4 Qxg5+ 24. Kb1 Bxc4 25. Qxc4 Qf6 26. e5 dxe5 27. d6+ Kh8 28. Ne4 Nxe4 29. Qxe4 Qxd6 30. Bd3 Qd4 31. Qc6 e4 0-1


[Site "https://www.chess.com"]

[Event "Early Titled Tuesday Blitz | February 8 2022"]
[White "Yang, Kaiqi"]
[Black "Lopez Gracia, Fernando"]
[WhiteFideId "8604398"]
[BlackFideId "2207184"]
[WhiteElo "2373"]
[BlackElo "2425"]
[Result "1-0"]
[Round "11"]
[TimeControl "180+1"]
[Date "2022.02.08"]
[WhiteClock "0:01:43"]
[BlackClock "0:02:37"]

1. c4 e6 2. g3 d5 3. d4 Nf6 4. Bg2 dxc4 5. Nf3 a6 6. O-O b5 7. Ne5 Nd5 8. e4 Nf6 9. a4 Bb7 10. axb5 axb5 11. Rxa8 Bxa8 12. Nc3 c6 13. b3 Bb4 14. Na2 Bd6 15. bxc4 O-O 16. Bg5 h6 17. Bxf6 gxf6 18. Ng4 Kh7 19. Qd2 1-0


[Site "https://www.chess.com"]

[Event "Early Titled Tuesday Blitz | February 8 2022"]
[White "Yuan, Qingyu"]
[Black "Timofeev, Artyom"]
[WhiteFideId "8609772"]
[BlackFideId "4140419"]
[WhiteElo "2359"]
[BlackElo "2583"]
[Result "0-1"]
[Round "11"]
[TimeControl "180+1"]
[Date "2022.02.08"]
[WhiteClock "0:00:02"]
[BlackClock "0:00:09"]

1. Nf3 Nf6 2. g3 g6 3. b3 Bg7 4. Bb2 O-O 5. Bg2 c5 6. c4 d6 7. d4 Nc6 8. O-O Bg4 9. Nbd2 Nd7 10. h3 Bxf3 11. Nxf3 Qb6 12. e3 cxd4 13. exd4 e5 14. Qd2 Rad8 15. Rad1 a5 16. Rfe1 h6 17. Qc1 Rfe8 18. Qa1 e4 19. Nh4 Nf6 20. d5 Ne5 21. Bd4 Qc7 22. Bxe4 Ned7 23. Bg2 a4 24. Qc3 a3 25. Qc1 Ra8 26. Bc3 Nc5 27. Qd2 Nfe4 28. Bxe4 Nxe4 29. Rxe4 Rxe4 30. Bxg7 Kxg7 31. Qc3+ Kg8 32. Qf6 Qe7 33. Qf3 Re8 34. Kg2 Re2 35. Rd4 Qe3 36. Qxe3 R8xe3 37. c5 dxc5 38. Ra4 Rd3 39. Rxa3 Rdd2 40. Ra7 Rxf2+ 41. Kg1 Rfe2 42. Kf1 Rxa2 43. Rxb7 Reb2 44. Nf3 Ra1+ 45. Ne1 c4 46. d6 Rxb3 47. Re7 Rd1 48. d7 Kg7 49. Ke2 Rd6 50. Nc2 Rbd3 51. Nb4 Rxd7 52. Re4 Rd2+ 53. Ke3 Rh2 54. Rxc4 Rxh3 55. Kf3 Rh2 56. Nc2 Rd3+ 57. Ke4 Rxg3 58. Kd5 Rg5+ 59. Kc6 Rxc2 60. Rxc2 h5 61. Kd6 Rf5 62. Rg2 h4 63. Rg4 g5 64. Rf4 Kg6 65. Rg4 Kh5 66. Rg1 h3 67. Ke7 g4 68. Rf1 Rxf1 0-1


[Site "https://www.chess.com"]

[Event "Early Titled Tuesday Blitz | February 8 2022"]
[White "Zanette, Edgard Vinicius"]
[Black "Fernandez, Michael"]
[WhiteFideId "2109263"]
[BlackFideId "5803560"]
[WhiteElo "2182"]
[BlackElo "2110"]
[Result "1-0"]
[Round "11"]
[TimeControl "180+1"]
[Date "2022.02.08"]
[WhiteClock "0:02:35"]
[BlackClock "0:02:46"]

1. e4 c5 2. Nc3 g6 3. g3 Bg7 4. Bg2 Nc6 5. d3 e5 6. Be3 Nd4 7. Nge2 Ne7 8. Nd5 Nxd5 9. exd5 Nf5 10. Bxc5 d6 11. Ba3 O-O 12. O-O a5 13. c4 b6 14. Nc3 Nd4 15. Ne4 Bf5 16. Nxd6 b5 17. Nxf5 1-0


[Site "https://www.chess.com"]